 Dungeon Crawl Stone Soup version 0.21-a0-151-ga4fe563 (webtiles) character file.

1339 Charly the Insei (level 8, 36/44 HPs)
             Began as a Vine Stalker Assassin on July 30, 2017.
             Quit the game on level 4 of the Dungeon.
             The game lasted 00:20:01 (1916 turns).

Charly the Insei (Vine Stalker Assassin)            Turns: 1916, Time: 00:20:02

Health: 36/44      AC:  4    Str: 15    XL:     8   Next: 61%
Magic:  10/10      EV: 11    Int: 11    God:
Gold:   17         SH:  0    Dex: 17    Spells: 7/7 levels left

rFire    . . .     SeeInvis .     - Unarmed
rCold    . . .     Gourm    .   (no shield)
rNeg     . . .     Faith    .   c - +0 robe
rPois    .         Spirit   +   r - +0 helmet
rElec    .         Reflect  .   d - +0 cloak
rCorr    .         Harm     .   (no gloves)
MR       +....     Clarity  +   (no boots)
Stlth    +++.......             (no amulet)
HPRegen  0.54/turn              (no ring)
MPRegen  0.12/turn              (no ring)

@: no status effects
A: fangs 3, clarity, high mp 1, regeneration 1, wild magic 1, magic shield,
antimagic bite, no potion heal 3, rot immunity
a: no special abilities


You were on level 4 of the Dungeon.
You were not hungry.

You visited 1 branch of the dungeon, and saw 8 of its levels.

You collected 17 gold pieces.

Inventory:

Hand Weapons
 a - a +3 dagger of speed
 b - a +1 blowgun
 p - a +1 dagger of venom
Missiles
 e - 20 poisoned needles
 f - a curare-tipped needle
Armour
 c - a +0 robe (worn)
 d - a +0 cloak (worn)
 r - a +0 helmet (worn)
Wands
 i - a wand of confusion (16/48)
Scrolls
 s - a scroll of teleportation
Potions
 h - a potion of haste {unknown}
 k - a potion of magic {unknown}
 l - a potion of curing {unknown}
 m - 2 potions of mutation {unknown}
 n - 2 potions of heal wounds {unknown}
 o - a potion of berserk rage {unknown}
 q - a potion of might {unknown}
 t - a potion of ambrosia {unknown}
 w - a potion of flight {unknown}
Comestibles
 g - a bread ration
 j - a meat ration


   Skills:
 - Level 6.0 Fighting
 - Level 1.7 Short Blades
 - Level 1.7 Throwing
 - Level 0.7 Dodging
 - Level 4.8 Stealth
 + Level 7.7 Unarmed Combat
 + Level 1.4 Evocations


You had 7 spell levels left.
You didn't know any spells.

Dungeon Overview and Level Annotations

Branches:
Dungeon (8/15)
 Temple: D:4-7         Lair: D:8-11

Altars:
Uskayaw


Innate Abilities, Weirdness & Mutations

You have razor-sharp teeth.
Your natural rate of healing is unusually fast.
When hurt, damage is shared between your health and your magic reserves.
Your bite disrupts and absorbs the magic of your enemies.
Potions cannot restore your health.
You are immune to rotting.
You possess an exceptional clarity of mind.
You have an increased reservoir of magic. (+10% MP)
Your spells are a little harder to cast, but a little more powerful.


Message History

The worker ant bites you but does no damage.
The worker ant bites you.
Tossing away (i - inventory):
u - a scythe
Press: ? - help, Shift-Dir - straight line You toss away a scythe.
The worker ant bites you.
You closely miss the worker ant.
The worker ant is lightly wounded.
The worker ant bites you.
Press: ? - help, v - describe, . - travel A stone wall.
You punch the worker ant! Your bite misses the worker ant.
The worker ant is heavily wounded.
The worker ant closely misses you.
A worker ant is nearby!
Unknown command.
Unknown command.
There is an open door here.
Search for what [? for help]?
Okay, then.
Are you sure you want to abandon this character and quit the game? (Confirm with "yes".)

#.............#
#.............# ........#
#.............# ........#
#[....(.......# .......#
#.............# #.....#
#.............# #.....#
#.......$.....##### #.....#
#########.....#...##
#.....# #.....a@...#
#.....##
#.....#...#######.......
#)....#...#.............
#.....###'#.............
...#####..................
...#...'..................
....#...#..................
.. #...#..................
#...#...........#####..


You could see a worker ant.

Vanquished Creatures
  Sigmund (D:6)
  Menkaure (D:6)
  A sky beast (D:5)
  3 ogres
  A centaur (D:7)
  2 bullfrogs
  3 wights (D:8)
  A centaur zombie (D:5)
  A hound (D:4)
  3 orc priests
  2 orc wizards
  A hound skeleton (D:7)
  Robin (D:3)
  A howler monkey skeleton (D:7)
  4 adders
  2 gnolls
  2 shadow imps
  An ooze (D:2)
  An adder skeleton (D:5)
  A worm (D:4)
  A dart slug (D:2)
  A leopard gecko (D:5)
  12 orcs
  A ball python (D:2)
  4 giant cockroaches
  15 goblins
  4 hobgoblins
  3 jackals (D:2)
  2 quokkas (D:3)
  3 bats
  A frilled lizard (D:5)
  6 kobolds
86 creatures vanquished.

Notes
Turn   | Place    | Note
-------+----------+-------------------------------------------
     0 | D:1      | Charly the Vine Stalker Assassin began the quest for the Orb.
     0 | D:1      | Reached XP level 1. HP: 11/11 MP: 2/2
    52 | D:2      | Reached skill level 1 in Unarmed Combat
    70 | D:2      | Reached XP level 2. HP: 8/15 MP: 3/3
    89 | D:2      | Reached skill level 2 in Unarmed Combat
   203 | D:2      | Reached XP level 3. HP: 8/18 MP: 1/4
   360 | D:2      | Reached skill level 3 in Unarmed Combat
   500 | D:3      | Noticed Robin
   508 | D:3      | Gained mutation: Your natural rate of healing is unusually fast. [Vine Stalker growth]
   508 | D:3      | Reached XP level 4. HP: 21/23 MP: 5/5
   723 | D:3      | Reached XP level 5. HP: 21/27 MP: 6/6
   728 | D:3      | Reached skill level 4 in Unarmed Combat
   754 | D:3      | Killed Robin
   844 | D:4      | Noticed an ogre
   850 | D:4      | Killed an ogre
   850 | D:4      | Reached XP level 6. HP: 32/32 MP: 7/7
   941 | D:5      | Entered Level 5 of the Dungeon
   980 | D:6      | Noticed Sigmund
  1000 | D:6      | Killed Sigmund
  1000 | D:6      | Reached skill level 5 in Unarmed Combat
  1023 | D:6      | HP: 1/33 [bullfrog (3)]
  1025 | D:6      | Reached XP level 7. HP: 1/37 MP: 1/8
  1204 | D:5      | Reached skill level 6 in Unarmed Combat
  1297 | D:5      | Reached skill level 5 in Fighting
  1300 | D:5      | Gained mutation: You have razor-sharp teeth. [mutagenic meat]
  1302 | D:5      | Gained mutation: You have an increased reservoir of magic. (+10% MP) [mutagenic meat]
  1303 | D:5      | Gained mutation: You possess an exceptional clarity of mind. [mutagenic meat]
  1304 | D:5      | Gained mutation: Your spells are a little harder to cast, but a little more powerful. [mutagenic meat]
  1310 | D:5      | Mutation became permanent: You have extremely sharp teeth. [Vine Stalker growth]
  1310 | D:5      | Gained mutation: You have razor-sharp teeth. [Vine Stalker growth]
  1310 | D:5      | Reached XP level 8. HP: 30/43 MP: 6/9
  1546 | D:7      | Reached skill level 7 in Unarmed Combat
  1588 | D:7      | Found a hide-covered altar of Uskayaw.
  1700 | D:6      | Noticed Menkaure
  1733 | D:6      | Killed Menkaure
  1733 | D:6      | Reached skill level 1 in Evocations
  1916 | D:4      | Quit the game

Vault maps used:
D:1:      dpeg_arrival_pond
D:2:      first_bread
D:3:      saegor_snake_ambush, uniq_robin
D:4:      minmay_temple_entry_statues_pillars
D:5:      feat_on_display
D:6:      chequers_ossuary_entry_cave, serial_bayou_pond_d, uniq_edmund,
          uniq_pikel, uniq_menkaure, uniq_sigmund
D:7:      eat_drink_and_be_merry_uskayaw, serial_shops, nicolae_shop_trees

Skill      XL: |  1  2  3  4  5  6  7  8 |
---------------+-------------------------+-----
Unarmed Combat | 1 2 3 4 5 6 7 |  7.7
Fighting       | 2 3 4 5 6 |  6.0
Evocations     | 1 |  1.4
Short Blades   | |  1.7
Throwing       | |  1.7
Dodging        | |  0.7
Stealth        | |  4.8

Action                   |  1- 3 |  4- 6 |  7- 9 || total
-------------------------+-------+-------+-------++-------
Melee: Dagger            |    63 |   124 |   116 ||   303
       Bite              |    10 |    35 |    49 ||    94
       Punch             |       |     1 |     7 ||     8
       Unarmed           |       |       |    32 ||    32
 Fire: Blowgun           |     3 |     7 |     5 ||    15
Evoke: Wand              |       |       |     1 ||     1
  Use: Scroll            |       |       |    10 ||    10
 Stab: Sleeping          |     5 |     4 |     6 ||    15
       Confused          |       |       |     1 ||     1
  Eat: Chunk             |       |       |     8 ||     8
       Royal jelly       |       |       |     1 ||     1
Armor: Robe              |    12 |     7 |    29 ||    48
Dodge: Dodged            |    35 |    39 |    65 ||   139
